 Dungeon Crawl Stone Soup version 0.27-a0-343-gfcad680f63 (webtiles) character file.

Game seed: 6373327903517614367

259756 HoaS the Sniper (level 20, -7/159 HPs)
             Began as a Formicid Fighter on Feb 14, 2021.
             Was the Champion of Okawaru.
             Mangled by a 20-headed hydra (9 damage)
             ... summoned by a glowing orange brain
             ... on level 14 of the Dungeon.
             The game lasted 01:55:18 (40446 turns).

HoaS the Sniper (Formicid Fighter)                 Turns: 40446, Time: 01:55:19

Health: -7/159     AC: 26    Str: 24    XL:     20   Next: 72%
Magic:  0/27       EV: 14    Int: 19    God:    Okawaru [******]
Gold:   2965       SH: 18    Dex: 15    Spells: 19/19 levels left

rFire    + . .     SeeInvis +   w - +3 lajatang (venom)
rCold    . . .     Faith    .   A - +0 tower shield
rNeg     . . .     Spirit   +   D - +4 plate armour "Meutae" {Will++ Int+4}
rPois    +         Reflect  .   (helmet unavailable)
rElec    +         Harm     .   N - +1 cloak {Will+}
rCorr    +         Rampage  .   l - +2 pair of gloves {Str+3}
Will     +++++                  K - +1 pair of boots of the Sun {rC- Regen+ rCorr Int+6}
Stlth    ..........             y - amulet of guardian spirit
HPRegen  1.36/turn              k - +4 ring of evasion
MPRegen  0.20/turn              C - ring "Gojugin" {rElec rPois rF+ rC+ Str-3}

@: no status effects
A: permanent stasis, dig shafts and tunnels, four strong arms, antennae 3
}: 2/15 runes: decaying, serpentine
a: Dig, Shaft Self, Renounce Religion, Heroism, Finesse


You were on level 14 of the Dungeon.
You worshipped Okawaru.
Okawaru was exalted by your worship.
You visited 6 branches of the dungeon, and saw 32 of its levels.
You visited 1 bazaar.
You also visited: Bailey, Gauntlet and Ice Cave.

You collected 4551 gold pieces.
You spent 1586 gold pieces at shops.

Inventory:

Hand Weapons
 e - the +5 quarterstaff of Courage {protect, Str+2 Int-5 Dex+4 SInv}
   (Okawaru gifted it to you on level 5 of the Lair of Beasts)

   It grants its wielder temporary protection when it strikes (+7 to AC).
   It affects your strength (+2).
   It affects your intelligence (-5).
   It affects your dexterity (+4).
   It lets you see invisible.
 q - a +6 triple crossbow of venom
 w - a +3 lajatang of venom (weapon)
Missiles
 t - 809 bolts
Armour
 l - a +2 pair of gloves of strength (worn)
 A - a +0 tower shield (worn)
 D - the +4 plate armour "Meutae" (worn) {Will++ Int+4}
   (You bought it in a shop on level 2 of the Orcish Mines)

   It affects your intelligence (+4).
   It affects your willpower, your defense against some magical effects.
 K - the +1 pair of boots of the Sun (worn) {rC- Regen+ rCorr Int+6}
   (You found it in a Gauntlet)

   It affects your intelligence (+6).
   It makes you vulnerable to cold.
   It increases your rate of regeneration.
   It provides partial protection from all sources of acid and corrosion.
 N - a +1 cloak of willpower (worn)
Jewellery
 i - a ring of willpower
 k - a +4 ring of evasion (left hand)
 y - an amulet of guardian spirit (around neck)
 C - the ring "Gojugin" (right hand) {rElec rPois rF+ rC+ Str-3}
   (You took it off a minotaur in a Gauntlet)

   [ring of protection from fire]

   It affects your strength (-3).
   It protects you from fire.
   It protects you from cold.
   It insulates you from electricity.
   It protects you from poison.
 E - a ring of protection from fire
 G - the ring of Ugemuesch {rElec rPois Str+6}
   (You found it on level 12 of the Dungeon)

   [ring of strength]

   It affects your strength (+6).
   It insulates you from electricity.
   It protects you from poison.
 H - a +4 ring of evasion
Wands
 f - a wand of flame (68)
 o - a wand of acid (17) (quivered)
 u - a wand of polymorph (27)
 v - a wand of charming (10)
 x - a wand of digging (18)
 B - a wand of random effects (67)
 L - a wand of paralysis (24)
Scrolls
 b - 21 scrolls of identify
 m - 3 scrolls of magic mapping
 n - 6 scrolls of fog
 J - 2 scrolls of summoning
 M - a scroll of enchant armour
Potions
 a - 6 potions of mutation
 c - a potion of cancellation
 d - 4 potions of ambrosia
 g - 3 potions of might
 h - a potion of resistance
 j - 2 potions of heal wounds
 p - 3 potions of flight
 r - 2 potions of invisibility
 s - 8 potions of curing
 z - 6 potions of attraction
 I - 7 potions of lignification


   Skills:
 - Level 14.0 Fighting
 - Level 14.0 Staves
 * Level 23.2 Crossbows
 - Level 9.0 Armour
 - Level 9.0 Dodging
 + Level 9.5 Shields
 - Level 9.5 Invocations


You had 19 spell levels left.
You didn't know any spells.
Your spell library contained the following spells:

 Spells                   Type           Power        Failure   Level
 Corona                   Hex            0%           100%        1
 Magic Dart               Conj           0%           100%        1
 Shock                    Conj/Air       0%           100%        1
 Call Imp                 Summ           0%           100%        2
 Ensorcelled Hibernation  Hex/Ice        0%           100%        2
 Poisonous Vapours        Pois/Air       0%           100%        2
 Slow                     Hex            0%           100%        2
 Confusing Touch          Hex            0%           100%        3
 Conjure Flame            Conj/Fire      0%           100%        3
 Dazzling Flash           Conj/Hex       0%           100%        3
 Gell's Gravitas          Tloc           0%           100%        3
 Mephitic Cloud           Conj/Pois/Air  0%           100%        3
 Portal Projectile        Hex/Tloc       0%           100%        3
 Static Discharge         Conj/Air       0%           100%        3
 Tukima's Dance           Hex            0%           100%        3
 Airstrike                Air            0%           100%        4
 Animate Dead             Necr           0%           100%        4
 Ice Form                 Ice/Tmut       0%           100%        4
 Petrify                  Tmut/Erth      0%           100%        4
 Borgnjor's Vile Clutch   Necr/Erth      0%           100%        5
 Lightning Bolt           Conj/Air       0%           100%        5
 Metabolic Englaciation   Hex/Ice        0%           100%        5
 Yara's Violent Unravell  Hex/Tmut       0%           100%        5
 Death Channel            Necr           0%           100%        6
 Dispersal                Tloc           0%           100%        6
 Freezing Cloud           Conj/Ice/Air   0%           100%        6
 Simulacrum               Ice/Necr       0%           100%        6
 Ozocubu's Refrigeration  Ice            0%           100%        7
 Disjunction              Tloc           0%           100%        8
 Ignition                 Fire           0%           100%        8
 Shatter                  Erth           0%           100%        9
 Tornado                  Air            0%           100%        9
 Blink                    Tloc           Unusable     N/A         2
 Swiftness                Air            Unusable     N/A         2

Dungeon Overview and Level Annotations

Branches:
Dungeon (15/15)            Temple (1/1) D:6            Lair (6/6) D:8
  Swamp (4/4) Lair:4        Snake (4/4) Lair:4        Slime (0/5) Lair:6
    Orc (2/2) D:10            Elf (0/3) Orc:2        Vaults (0/5) D:14
 Depths (0/5) D:15         Bailey (visited)           IceCv (visited)
Gauntlet (visited)

Altars:
Ashenzari
Cheibriados
Dithmenos
Elyvilon
Fedhas
Gozag
Hepliaklqana
Kikubaaqudgha
Makhleb
Nemelex Xobeh
Okawaru
Qazlal
Ru
Sif Muna
Trog
Uskayaw
Vehumet
Wu Jian
Xom
Yredelemnul
Zin
The Shining One
Beogh
Jiyva

Shops:
D:10 *   Orc:2 *=[?!

Portals:
Trove: D:12 (give 3 potions of resistance)


Innate Abilities, Weirdness & Mutations

You cannot be hasted, slowed, berserked, paralysed or teleported.
You can dig through walls and to a lower floor.
Your four strong arms can wield two-handed weapons with a shield.
You have a pair of large antennae on your head. (SInv)


Message History

The 18-headed hydra is severely wounded.
The 18-headed hydra bites you but does no damage.
You block the 18-headed hydra's attack.
The 18-headed hydra bites you but does no damage.
The 18-headed hydra closely misses you. You block the 18-headed hydra's attack.
The 18-headed hydra bites you.
* * * LOW HITPOINT WARNING * * *
The 18-headed hydra bites you but does no damage.
You block the 18-headed hydra's attack. The 18-headed hydra bites you.
* * * LOW HITPOINT WARNING * * *
You block the 18-headed hydra's attack. The 18-headed hydra misses you.
The 18-headed hydra bites you.
* * * LOW HITPOINT WARNING * * *
The 18-headed hydra misses you.
The 18-headed hydra bites you but does no damage.
The 18-headed hydra completely misses you.
The 18-headed hydra bites you but does no damage. x2
The 18-headed hydra completely misses you.
You chop one of the 18-headed hydra's heads off!
The 17-headed hydra grows two more!
You slice the 19-headed hydra!!
The 19-headed hydra is almost dead.
The glowing orange brain pulsates.
You resist with almost no effort.
You chop one of the 19-headed hydra's heads off!
The 18-headed hydra grows two more!
You hit the 20-headed hydra.
The 20-headed hydra is severely wounded.
You block the 20-headed hydra's attack.
The 20-headed hydra bites you but does no damage.
The 20-headed hydra bites you.
* * * LOW HITPOINT WARNING * * *
The 20-headed hydra barely misses you. You block the 20-headed hydra's attack.
The 20-headed hydra bites you but does no damage. x3
You block the 20-headed hydra's attack. The 20-headed hydra bites you.
* * * LOW HITPOINT WARNING * * *
The 20-headed hydra barely misses you.
The 20-headed hydra bites you but does no damage. x4
The 20-headed hydra bites you.
* * * LOW HITPOINT WARNING * * *
The 20-headed hydra bites you!
You die...

################............#
#*,≈{{*,.#....#.............#
#⌠,{*{*,#.#.#.#.............#
#,,,,{+,!#....'.........(...#
#,{,{,+,!..#..'.............#
#,,{,{+,.#.!..'G{...........#
#⌠,,*,*,#.#!#.#TD{......#####
#*,{,,*,§#....#D#######.#
################@.....'.#
..'...#...............#.######
..#...#...............#......#
..#...#...............#......#
..#...#...............#......#
..#...#################......#
..#................<.......###
).#..........#####.........#
÷.#####......#...#.........#


You could see a 20-headed hydra (summoned, extremely poisoned), a glowing orange
brain (misshapen) and a troll (summoned).

Vanquished Creatures
  Vashnia (Snake:2)
  Saint Roka (Snake:2)
  the Lernaean hydra (Swamp:4)
  Nikola (Snake:2)
  Rupert (Lair:4)
  2 tentacled monstrosities
  Frances (Swamp:1)
  Agnes (D:15)
  Roxanne (D:14)
  The ghost of Tassujicw the Severer, an adept GrBe of Trog (Swamp:2)
  8 nagarajas
  A fenstrider witch (Swamp:4)
  2 ghouls (Swamp:3)
  2 very ugly things (D:14)
  Nessos (Lair:4)
  A dire elephant (Gauntlet)
  A bunyip (Swamp:3)
  A minotaur (Gauntlet)
  4 entropy weavers (Lair:3)
  The ghost of quik the Fighter, a journeyman DrTm of Ru (Lair:4)
  2 ettins
  5 eleionomae
  A rakshasa (D:15)
  2 boulder beetles (Lair:3)
  15 naga warriors
  26 hydras
  A vault guard (D:14)
  3 ghost crabs (Lair:3)
  Harold (D:8)
  A death knight (D:14)
  3 catoblepae (Lair:6)
  6 centaur warriors
  4 anacondas
  7 two-headed ogres
  8 alligators
  A tengu warrior (D:14)
  Erica (Lair:2)
  21 death yaks
  18 naga sharpshooters
  8 shock serpents
  A soul eater (Gauntlet)
  An orc high priest (Orc:1)
  9 spriggans
  5 fire crabs (Lair:3)
  A deep elf knight (D:15)
  3 salamander mystics
  4 unseen horrors
  A deep troll (D:14)
  3 goliath frogs
  4 naga ritualists
  3 bog bodies
  6 spriggan druids
  16 swamp dragons
  A phantasmal warrior (D:14)
  9 orc knights
  3 wizards
  A lindwurm (Lair:5)
  A deep elf archer (D:15)
  A deep elf pyromancer (D:13)
  7 mana vipers
  A necromancer (D:14)
  An oklob plant (Snake:2)
  A will-o-the-wisp (Swamp:4)
  2 manticores (Lair:6)
  5 cyclopes
  2 orc sorcerers (Orc:1)
  15 ugly things
  5 salamanders
  A centaur zombie (D:14)
  3 guardian serpents
  33 black mambas
  37 naga magi
  2 ice statues (IceCv)
  An apocalypse crab (Lair:3)
  13 elephants
  9 cane toads
  2 gargoyles
  2 kobold demonologists (D:11)
  3 rime drakes
  A freezing wraith (D:14)
  10 komodo dragons
  Psyche (D:8)
  2 redback zombies (D:15)
  6 trolls
  A queen bee (Lair:4)
  The ghost of namelastname112 the Sneak, an amateur DrDe of Vehumet (D:4)
  A meliai (Lair:4)
  9 tyrant leeches
  8 ice devils (IceCv)
  9 hornets
  3 slime creatures (D:15)
  14 blink frogs
  9 dream sheep
  A spriggan (shapeshifter) (D:14)
  4 wraiths
  5 wyverns
  6 shadows
  21 humans (D:14)
  34 yaks
  4 basilisks
  14 vampire mosquitoes
  A steam dragon (Lair:3)
  A warg (D:15)
  46 nagas
  14 swamp worms
  An acid dragon (D:15)
  11 water moccasins
  Duvessa (D:6)
  61 orc warriors
  6 ice beasts
  2 black bears
  9 swamp drakes
  2 sky beasts
  15 wolves
  An eye of draining (D:12)
  3 necrophages
  18 ogres
  23 centaurs
  3 phantoms
  6 kobold brigands
  14 bullfrogs
  Dowan (D:6)
  3 scorpions
  15 killer bees
  14 wights
  4 electric eels
  A bullfrog zombie (D:10)
  16 orc priests
  4 centaur skeletons
  10 hounds
  2 bullfrog skeletons (D:4)
  4 jellies (D:8)
  3 iguanas
  12 worker ants
  22 orc wizards
  8 hell rats
  A gnoll (D:1)
  2 river rats (D:8)
  9 adders
  6 shadow imps
  18 white imps
  9 ufetubi
  An ooze (D:4)
  An adder zombie (D:4)
  2 worms
  2 dart slugs
  6 leopard geckos
  126 orcs
  2 ball pythons
  5 giant cockroaches
  11 goblins
  12 hobgoblins
  11 jackals
  14 quokkas
  9 bats
  4 frilled lizards
  A jackal skeleton (D:5)
  A jackal zombie (D:4)
  21 kobolds
  2 quokka zombies
  16 rats
1198 creatures vanquished.

Vanquished Creatures (others)
  A reaper (IceCv)
  4 bloated husks
  An orc wizard (Orc:1)
  4 white imps (IceCv)
  4 ufetubi (IceCv)
  5 demonic plants (Gauntlet)
  2 foxfires (Swamp:4)
  27 fungi
  54 plants
  38 withered plants
140 creatures vanquished.

Grand Total: 1338 creatures vanquished

Notes
Turn   | Place    | Note
-------+----------+-------------------------------------------
     0 | D:1      | HoaS the Formicid Fighter began the quest for the Orb.
     0 | D:1      | Reached XP level 1. HP: 18/18 MP: 1/1
   235 | D:1      | Reached XP level 2. HP: 24/24 MP: 2/2
   338 | D:1      | Reached XP level 3. HP: 29/29 MP: 3/3
   345 | D:1      | Reached skill level 1 in Crossbows
   942 | D:2      | Reached XP level 4. HP: 35/35 MP: 4/4
  1828 | D:2      | Reached XP level 5. HP: 7/41 MP: 5/5
  2261 | D:3      | Found a shadowy altar of Dithmenos.
  2304 | D:3      | Reached skill level 5 in Shields
  2640 | D:3      | Noticed a phantom
  2654 | D:3      | Killed a phantom
  2655 | D:3      | Reached skill level 5 in Staves
  2655 | D:3      | Reached XP level 6. HP: 42/47 MP: 6/6
  2661 | D:3      | You fall into a shaft and drop 3 floors!
  2750 | D:5      | Entered Level 5 of the Dungeon
  2823 | D:4      | Reached XP level 7. HP: 42/52 MP: 7/7
  2895 | D:4      | Noticed namelastname112's ghost (amateur DrDe)
  2896 | D:4      | Found a transporter.
  2897 | D:4      | Identified the +3 great mace of the Pits of Slime {vorpal,
                  | rPois}
  2900 | D:4      | Found a transporter.
  3902 | D:5      | Reached XP level 8. HP: 57/58 MP: 8/8
  4465 | D:6      | Noticed Dowan
  4465 | D:6      | Noticed Duvessa
  4470 | D:6      | Killed Dowan
  4488 | D:6      | Killed Duvessa
  4884 | D:6      | Found a transporter.
  5302 | D:6      | Reached XP level 9. HP: 64/64 MP: 9/9
  5445 | D:6      | Found a transporter.
  5491 | D:6      | Found a staircase to the Ecumenical Temple.
  5499 | Temple   | Entered the Ecumenical Temple
  5629 | Temple   | Became a worshipper of Warmaster Okawaru
  6076 | D:6      | Found a stormy altar of Qazlal.
  6084 | D:6      | Found a shimmering blue altar of Sif Muna.
  6381 | D:7      | Reached skill level 1 in Invocations
  6790 | D:8      | Noticed a death yak
  6791 | D:8      | Noticed a death yak
  6800 | D:8      | Noticed a death yak
  6810 | D:7      | Killed a death yak
  6810 | D:7      | Reached * piety under Okawaru
  6810 | D:7      | Reached ** piety under Okawaru
  6811 | D:7      | Reached skill level 10 in Staves
  6915 | D:7      | Killed a death yak
  6916 | D:7      | Reached XP level 10. HP: 11/70 MP: 2/11
  6920 | D:7      | Killed a death yak
  6920 | D:7      | Reached *** piety under Okawaru
  7557 | D:8      | Found a radiant altar of Vehumet.
  7699 | D:8      | Noticed a two-headed ogre
  7701 | D:8      | Noticed Harold
  7702 | D:8      | Noticed Psyche
  7726 | D:8      | Killed Harold
  7726 | D:8      | Reached **** piety under Okawaru
  7727 | D:8      | Killed a two-headed ogre
  7728 | D:8      | Reached XP level 11. HP: 30/75 MP: 5/12
  7733 | D:8      | Killed Psyche
  8118 | D:8      | Found a staircase to the Lair.
  8231 | D:8      | Found an ancient bone altar of Kikubaaqudgha.
  8874 | D:9      | Found a flagged portal.
  8974 | Bailey   | Entered a bailey
  9152 | Bailey   | Noticed an orc knight
  9235 | Bailey   | Reached skill level 1 in Dodging
  9302 | Bailey   | Killed an orc knight
  9302 | Bailey   | Reached ***** piety under Okawaru
  9389 | Bailey   | Got a smelly plate armour
  9404 | Bailey   | Identified the +7 plate armour of the Robin {Harm Rampage
                  | *Drain Dex+6} (You found it in a bailey)
  9767 | D:9      | Reached skill level 5 in Fighting
 10096 | D:10     | Entered Level 10 of the Dungeon
 10456 | D:10     | Found a staircase to the Orcish Mines.
 10627 | D:10     | Found Pucus's Changing Room.
 10925 | D:4      | Killed namelastname112's ghost
 11079 | Lair:1   | Entered Level 1 of the Lair of Beasts
 11084 | Lair:1   | Received a gift from Okawaru
 11085 | Lair:1   | Found a frozen archway.
 11092 | Lair:1   | Reached skill level 5 in Armour
 11140 | Lair:1   | Got a pair of fine gloves {god gift}
 11151 | Lair:1   | Identified the +0 pair of gloves of Distant Worlds {Rampage
                  | rN+ Str+2 Stlth+} (Okawaru gifted it to you on level 1 of
                  | the Lair of Beasts)
 11161 | IceCv    | Entered an ice cave
 11282 | IceCv    | Killed a reaper
 11368 | IceCv    | Reached skill level 5 in Invocations
 11390 | IceCv    | Reached XP level 12. HP: 55/89 MP: 9/15
 12266 | Lair:1   | Noticed a four-headed hydra
 12283 | Lair:1   | Killed a four-headed hydra
 12345 | Lair:1   | Noticed a seven-headed hydra
 12357 | Lair:1   | Killed a seven-headed hydra
 12362 | Lair:1   | Got a fading scale mail
 12363 | Lair:1   | Identified the +8 scale mail of Tenacity {Str+4} (You found
                  | it on level 1 of the Lair of Beasts)
 12481 | Lair:1   | Found a glowing silver altar of Zin.
 13156 | Lair:2   | Noticed Erica
 13162 | Lair:2   | Killed Erica
 13243 | Lair:2   | Reached skill level 5 in Dodging
 13305 | Lair:2   | Reached ****** piety under Okawaru
 13343 | Lair:2   | Reached XP level 13. HP: 81/101 MP: 16/18
 13898 | Lair:3   | Received a gift from Okawaru
 13910 | Lair:3   | Reached skill level 10 in Fighting
 14015 | Lair:3   | Found a runed translucent door.
 14097 | Lair:3   | Noticed a boulder beetle
 14124 | Lair:3   | Killed a boulder beetle
 14124 | Lair:3   | Received a gift from Okawaru
 14281 | Lair:3   | Noticed a boulder beetle
 14350 | Lair:3   | Killed a boulder beetle
 14604 | Lair:3   | Noticed an entropy weaver
 14642 | Lair:3   | Killed an entropy weaver
 14913 | Lair:3   | Noticed an entropy weaver
 14940 | Lair:3   | Killed an entropy weaver
 15005 | Lair:3   | HP: 3/106 [fire crab] (14)]
 15417 | Lair:3   | Noticed a ghost crab
 15430 | Lair:3   | Killed a ghost crab
 15467 | Lair:3   | Noticed an entropy weaver
 15520 | Lair:3   | Killed an entropy weaver
 15583 | Lair:3   | Noticed a ghost crab
 15587 | Lair:3   | Killed a ghost crab
 15595 | Lair:3   | Noticed an entropy weaver
 15608 | Lair:3   | Killed an entropy weaver
 15609 | Lair:3   | Noticed a ghost crab
 15613 | Lair:3   | Killed a ghost crab
 15614 | Lair:3   | Reached XP level 14. HP: 69/114 MP: 7/21
 15883 | Lair:4   | Found a staircase to the Snake Pit.
 15925 | Lair:4   | Noticed Nessos
 15947 | Lair:4   | Killed Nessos
 15954 | Lair:4   | HP: 5/115 [poisoned by Nessos]
 15960 | Lair:4   | HP: 4/115 [poisoned by Nessos]
 15965 | Lair:4   | HP: 3/115 [poisoned by Nessos]
 15972 | Lair:4   | HP: 3/115 [poisoned by Nessos]
 15980 | Lair:4   | HP: 4/115 [poisoned by Nessos]
 16406 | Lair:4   | Found a staircase to the Swamp.
 16448 | Lair:4   | Found a transporter.
 16448 | Lair:4   | Found a transporter.
 17003 | Lair:4   | Noticed quik's ghost (journeyman DrTm)
 17041 | Lair:4   | Noticed Rupert
 17054 | Lair:4   | Killed Rupert
 17770 | Lair:5   | Received a gift from Okawaru
 17780 | Lair:5   | Got a fine quarterstaff {god gift}
 17781 | Lair:5   | Identified the +5 quarterstaff of Courage {protect, Str+2
                  | Int-5 Dex+4 SInv} (Okawaru gifted it to you on level 5 of
                  | the Lair of Beasts)
 18213 | Lair:6   | Entered Level 6 of the Lair of Beasts
 18292 | Lair:6   | Received a gift from Okawaru
 18336 | Lair:6   | Reached skill level 2 in Crossbows
 18481 | Lair:6   | Reached skill level 3 in Crossbows
 18503 | Lair:6   | Reached XP level 15. HP: 41/126 MP: 1/22
 18504 | Lair:6   | Reached skill level 4 in Crossbows
 18539 | Lair:6   | Reached skill level 5 in Crossbows
 19102 | Lair:6   | Reached skill level 6 in Crossbows
 19202 | Lair:6   | Reached skill level 7 in Crossbows
 19374 | Lair:6   | Reached skill level 8 in Crossbows
 19563 | Lair:6   | Received a gift from Okawaru
 19621 | Lair:6   | Reached skill level 9 in Crossbows
 20008 | Lair:6   | Found a viscous altar of Jiyva.
 20008 | Lair:6   | Found a staircase to the Slime Pits.
 20553 | Lair:4   | Killed quik's ghost
 20554 | Lair:4   | Reached skill level 10 in Crossbows
 21744 | D:12     | Reached skill level 11 in Crossbows
 22012 | D:12     | Reached XP level 16. HP: 123/132 MP: 23/23
 22131 | D:12     | Found a portal to a secret trove of treasure.
 22426 | D:12     | Got a steaming platinum ring
 22524 | D:12     | Identified the ring of Ugemuesch {rElec rPois Str+6} (You
                  | found it on level 12 of the Dungeon)
 22862 | Orc:1    | Entered Level 1 of the Orcish Mines
 23060 | Orc:1    | Reached skill level 12 in Crossbows
 23120 | Orc:2    | Entered Level 2 of the Orcish Mines
 23120 | Orc:2    | Found Jobyalyini's Distillery.
 23121 | Orc:2    | Found a roughly hewn altar of Beogh.
 23121 | Orc:2    | Found a staircase to the Elven Halls.
 23135 | Orc:2    | Received a gift from Okawaru
 24732 | Orc:2    | Found an iron altar of Okawaru.
 24804 | Orc:2    | Reached skill level 13 in Crossbows
 25034 | Orc:2    | Found Qott's Jewellery Emporium.
 25034 | Orc:2    | Found Rusulikash's Antique Armour Shop.
 25036 | Orc:2    | Found Bipsien's Magic Scroll Boutique.
 25038 | Orc:2    | Found Jiapnup's Assorted Antiques.
 25050 | Orc:2    | Bought a potion of heal wounds for 130 gold pieces
 25053 | Orc:2    | Bought an ancient plate armour for 672 gold pieces
 25053 | Orc:2    | Identified the +4 plate armour "Meutae" {Will++ Int+4} (You
                  | bought it in a shop on level 2 of the Orcish Mines)
 25067 | Orc:2    | Bought a scroll of identify for 32 gold pieces
 25067 | Orc:2    | Bought a scroll of identify for 32 gold pieces
 25067 | Orc:2    | Bought a scroll of identify for 32 gold pieces
 25067 | Orc:2    | Bought a scroll of identify for 32 gold pieces
 25067 | Orc:2    | Bought a scroll of identify for 32 gold pieces
 25067 | Orc:2    | Bought a scroll of enchant armour for 120 gold pieces
 25070 | Orc:2    | Bought a +4 ring of evasion for 504 gold pieces
 25552 | D:13     | Received a gift from Okawaru
 26501 | D:14     | Noticed Roxanne
 26513 | D:14     | Killed Roxanne
 26514 | D:14     | Reached skill level 14 in Crossbows
 26535 | D:14     | Found a gate leading to a gauntlet.
 26601 | Gauntlet | Entered a Gauntlet
 26601 | Gauntlet | Found a transporter.
 26601 | Gauntlet | Found a transporter.
 26606 | Gauntlet | Found a transporter.
 26621 | Gauntlet | Found a transporter.
 26635 | Gauntlet | Found a transporter.
 26648 | Gauntlet | Found a transporter.
 26664 | Gauntlet | Found a transporter.
 26730 | Gauntlet | Found a transporter.
 26745 | Gauntlet | Found a transporter.
 26759 | Gauntlet | Found a transporter.
 26772 | Gauntlet | Found a transporter.
 26789 | Gauntlet | Found a transporter.
 26856 | Gauntlet | Found a transporter.
 26866 | Gauntlet | Found a transporter.
 26874 | Gauntlet | Found a transporter.
 26910 | Gauntlet | Found a transporter.
 27108 | Gauntlet | Received a gift from Okawaru
 27155 | Gauntlet | Got a pair of warped boots
 27157 | Gauntlet | Got a citrine-encrusted chain mail
 27160 | Gauntlet | Identified the +1 pair of boots of the Sun {rC- Regen+
                  | rCorr Int+6} (You found it in a Gauntlet)
 27161 | Gauntlet | Identified the +0 chain mail of Unijyam {rElec} (You found
                  | it in a Gauntlet)
 27193 | Gauntlet | Identified the ring "Gojugin" {rElec rPois rF+ rC+ Str-3}
 27480 | D:14     | Received a gift from Okawaru
 27500 | D:14     | Got a jewelled hand crossbow {god gift}
 27501 | D:14     | Identified the +5 hand crossbow of Mandamus {speed, rElec
                  | Will+ Int+4} (Okawaru gifted it to you on level 14 of the
                  | Dungeon)
 27626 | D:14     | Reached skill level 15 in Crossbows
 27646 | D:14     | Reached XP level 17. HP: 139/139 MP: 24/24
 27652 | D:14     | Found a gate to the Vaults.
 27941 | D:14     | Found a runed translucent gate.
 27941 | D:14     | Found a runed translucent gate.
 27941 | D:14     | Found a runed translucent gate.
 28306 | D:15     | Entered Level 15 of the Dungeon
 28585 | D:15     | Received a gift from Okawaru
 28637 | D:15     | Found a staircase to the Depths.
 28891 | D:15     | Reached skill level 16 in Crossbows
 28911 | D:15     | Received a gift from Okawaru
 29146 | D:15     | Noticed Agnes
 29168 | D:15     | Killed Agnes
 29357 | D:15     | Found a roughly hewn altar of Beogh.
 29912 | Swamp:1  | Entered Level 1 of the Swamp
 30053 | Lair:4   | Received a gift from Okawaru
 30127 | Swamp:1  | Reached skill level 17 in Crossbows
 30241 | Swamp:1  | Noticed Frances
 30251 | Swamp:1  | You fall into a shaft and drop 1 floor!
 30405 | Swamp:1  | Killed Frances
 30971 | Swamp:2  | Found a runed translucent door.
 30973 | Swamp:2  | Noticed Tassujicw's ghost (adept GrBe)
 31058 | Swamp:2  | Noticed a tentacled monstrosity
 31069 | Swamp:2  | Identified the +5 spear of Squeaky Prudence {freeze, rElec
                  | rC+ rN+}
 31254 | Swamp:3  | Reached XP level 18. HP: 146/146 MP: 25/25
 31294 | Swamp:3  | Reached skill level 18 in Crossbows
 31567 | Swamp:3  | Identified a scroll of acquirement
 31567 | Swamp:3  | Acquired 911 gold pieces
 31656 | Swamp:3  | Received a gift from Okawaru
 32020 | Swamp:4  | Entered Level 4 of the Swamp
 32149 | Swamp:3  | Received a gift from Okawaru
 32179 | Swamp:3  | HP: 7/146 [swamp dragon[a spriggan druid] (10)]
 32180 | Swamp:3  | Received a gift from Okawaru
 32180 | Swamp:3  | HP: 2/146 [poison (poison gas)]
 32185 | Swamp:3  | HP: 1/146 [poison (poison gas)]
 32191 | Swamp:3  | HP: 4/146 [poison (poison gas)]
 32196 | Swamp:3  | HP: 7/146 [poison (poison gas)]
 32619 | Swamp:4  | Got a twisted plate armour
 32620 | Swamp:4  | Identified the +0 plate armour "Lemastri" {rPois Int+3
                  | Dex+3} (You found it on level 4 of the Swamp)
 32635 | Swamp:4  | Reached skill level 19 in Crossbows
 32756 | Swamp:4  | Noticed a tentacled monstrosity
 32775 | Swamp:4  | Killed a tentacled monstrosity
 32857 | Swamp:4  | Received a gift from Okawaru
 33159 | Swamp:4  | Noticed the 27-headed Lernaean hydra
 33164 | Swamp:4  | Killed the 27-headed Lernaean hydra
 33164 | Swamp:4  | Received a gift from Okawaru
 33395 | Swamp:4  | Got a decaying rune of Zot
 33939 | Snake:1  | Entered Level 1 of the Snake Pit
 33949 | Snake:1  | Reached skill level 20 in Crossbows
 34299 | Snake:1  | Reached XP level 19. HP: 152/152 MP: 26/26
 35125 | Snake:2  | Found a flickering gateway to a bazaar.
 35143 | Bazaar   | Entered a bazaar
 35146 | Bazaar   | Found Teymputza's Antique Armour Boutique.
 35218 | Bazaar   | Found Tumnin's Weapon Shoppe.
 35244 | Bazaar   | Found Renlafit's Book Shop.
 35274 | Bazaar   | Found Naloelue's Weapon Emporium.
 35338 | Snake:2  | Noticed Saint Roka
 35356 | Snake:2  | Killed Saint Roka
 35689 | Snake:2  | Noticed Vashnia
 35756 | Snake:2  | Killed Vashnia
 35756 | Snake:2  | Received a gift from Okawaru
 35757 | Snake:2  | Reached skill level 21 in Crossbows
 35951 | Snake:2  | Noticed Nikola
 35968 | Snake:2  | Killed Nikola
 36706 | Snake:3  | Received a gift from Okawaru
 37733 | Snake:3  | Received a gift from Okawaru
 38230 | Snake:3  | Got a polished quarterstaff {god gift}
 38231 | Snake:3  | Identified the +1 quarterstaff of Proximity {protect,
                  | Str+2} (Okawaru gifted it to you on level 3 of the Snake
                  | Pit)
 38245 | Snake:4  | Entered Level 4 of the Snake Pit
 38383 | Snake:4  | Reached skill level 22 in Crossbows
 38513 | Snake:4  | Reached XP level 20. HP: 128/159 MP: 24/27
 39118 | Snake:4  | Received a gift from Okawaru
 39171 | Snake:4  | Got a serpentine rune of Zot
 39384 | Snake:4  | Reached skill level 23 in Crossbows
 39401 | Snake:4  | Found a shadowy altar of Dithmenos.
 39984 | Swamp:2  | Killed a tentacled monstrosity
 40007 | Swamp:2  | Killed Tassujicw's ghost
 40032 | Swamp:2  | Got an encrusted helmet
 40444 | D:14     | HP: 7/159 [18-headed hydra[a glowing orange brain] (3)]
 40446 | D:14     | HP: 2/159 [20-headed hydra[a glowing orange brain] (3)]
 40446 | D:14     | Mangled by a 20-headed hydra

Illustrated notes

Levels and vault maps discovered:
D:1:      onia_arrival_mini_spirals, layout_loops_ring
D:2:      minmay_door_path, layout_rooms, chequers_serial_rivers_small_b,
          minmay_misc_feat_tower
D:3:      layout_basic, grunt_dithmenos_smoke_and_mirrors
D:4:      layout_basic, serial_undead, serial_undead_e, serial_undead_c,
          serial_undead_e, serial_undead_c, gammafunk_ghost_smash
D:5:      layout_cave_pools
D:6:      gammafunk_steamed_eel, layout_layer_cave, minitemple,
          minmay_temple_entry_glassed_door, uniq_duvessa
D:7:      layout_cave_pools
D:8:      layout_basic, lemuel_coloured_pillars_altar, kennysheep_mini,
          dpeg_lair_monsters, serial_curves, eino_curves_02, eino_curves_04,
          kennysheep_generic_room_9, uniq_psyche, uniq_harold
D:9:      layout_cross, enter_bailey_5
D:10:     layout_roguey, david_orc_2, nicolae_transmutations_shop
D:11:     layout_cave_pods
D:12:     layout_cave_pods, special_room [special_room_orc], enter_trove_2
D:13:     layout_grid_maze
D:14:     layout_irregular_city, grunt_vaults_entry_tiered,
          ploomutoo_gammafunk_ghost_potion_laboratory, gauntlet_entry_generic,
          uniq_roxanne
D:15:     hangedman_depths_entry_civil_slaughter, layout_basic, special_room
          [special_room_orc], hangedman_decor_push, uniq_agnes
Temple:   minmay_crystal_spiral_temple
Lair:1:   layout_gridlike, portal_ice_cave_entry_imps,
          chequers_serial_rivers_micro_e, amcnicky_altar_gilded,
          grunt_megastairs_1
Lair:2:   layout_hall_layers, serial_bayou_pond_e, uniq_erica
Lair:3:   gammafunk_mikee_crab_dinner, layout_concentric_octagons,
          serial_bayou_shore_a, grunt_megastairs_3
Lair:4:   layout_roguey, minmay_swamp_entry_reptiles,
          guppyfry_snake_entry_garden, gammafunk_ghost_hive, uniq_rupert,
          uniq_nessos
Lair:5:   layout_regular_city
Lair:6:   evilmike_catoblepas_cave, layout_gridlike, slime_altar_1,
          chequers_serial_rivers_micro_e
Swamp:1:  layout_basic_swamp, hangedman_swamp_cone, infiniplex_staircase_pool_2,
          uniq_frances
Swamp:2:  layout_basic_swamp, ebering_ghost_funeral_grove,
          hangedman_swamp_ruin_hall
Swamp:3:  layout_basic_swamp, nicolae_swamp_dense_foliage
Swamp:4:  swamp_old_school, layout_basic_swamp
Snake:1:  layout_onion_interference
Snake:2:  dpeg_oklob_gauntlet, layout_chambers, serial_shops, bzr_entry_gold,
          grunt_megastairs_2, uniq_vashnia, uniq_nikola, uniq_saint_roka
Snake:3:  layout_chambers
Snake:4:  snake_pit, layout_gridlike, basic_altar, drop_trap,
          grunt_ministairs_6, guppyfry_library_mini
Orc:1:    layout_caves
Orc:2:    st_orc_rangers, layout_caves, serial_shops, shop, basic_altar,
          okawaru_metal_pillars_1_2

Skill      XL: |  1  2  3  4  5  6  7  8  9 10 11 12 13 14 15 16 17 18 19 20 |
---------------+-------------------------------------------------------------+-----
Crossbows      | 1 3 11 15 17 20 22 23 | 23.2
Shields        | 4 5 6 8 9 |  9.5
Staves         | 3 5 7 8 11 13 14 | 14.0
Invocations    | 2 5 7 9 |  9.5
Dodging        | 3 5 6 9 |  9.0
Fighting       | 6 9 11 14 | 14.0
Armour         | 5 7 8 9 |  9.0

Action                   |  1- 3 |  4- 6 |  7- 9 | 10-12 | 13-15 | 16-18 | 19-21 || total
-------------------------+-------+-------+-------+-------+-------+-------+-------++-------
Melee: Quarterstaff      |    91 |   196 |   359 |    15 |    23 |    60 |     6 ||   750
       Lajatang          |       |       |    22 |   617 |  1035 |  1174 |   700 ||  3548
 Fire: Hand crossbow     |       |       |       |     3 |    10 |     6 |       ||    19
       Triple crossbow   |       |       |       |       |       |   387 |   255 ||   642
       Arbalest          |       |       |       |       |       |    11 |       ||    11
Invok: Heroism           |       |       |       |     5 |     7 |     9 |     4 ||    25
       Finesse           |       |       |       |       |     5 |     5 |     4 ||    14
 Abil: Dig               |       |       |     5 |    14 |    13 |     7 |     6 ||    45
       Shaft Self        |       |       |       |       |       |     1 |       ||     1
Evoke: Wand              |       |       |     2 |     7 |     4 |     1 |       ||    14
  Use: Scroll            |     4 |     2 |    12 |     9 |     6 |    23 |     2 ||    58
       Potion            |       |       |     2 |     2 |     4 |    10 |     1 ||    19
 Stab: Distracted        |       |       |       |       |       |     1 |       ||     1
       Confused          |       |       |       |       |       |     1 |       ||     1
Armor: Scale mail        |    36 |    96 |    29 |    21 |   229 |    41 |       ||   452
       Chain mail        |       |       |   103 |    31 |       |       |       ||   134
       Plate armour      |       |       |       |   190 |       |   369 |   167 ||   726
Dodge: Dodged            |    24 |    90 |    92 |   139 |   411 |   834 |   334 ||  1924
Block: Kite shield       |    51 |   123 |   169 |   330 |   502 |   931 |   350 ||  2456
       Tower shield      |       |       |       |       |       |       |    80 ||    80

Table legend: (Time is in decaauts)
 A = Elapsed time spent in this place.
 B = Non-inter-level travel time spent in this place.
 C = Inter-level travel time spent in this place.
 D = Time resting spent in this place.
 E = Time spent auto-exploring this place.
 F = Levels seen in this place.
 G = Mean time per level.
                   A        B        C        D        E       F      G
               +--------+--------+--------+--------+--------+-----+--------+
         Total |  39772 |  36675 |   3097 |   8110 |  19404 |  36 | 1104.8 |
       Dungeon |  16714 |  15129 |   1585 |   2936 |   8575 |  15 | 1114.3 |
        Temple |    217 |    130 |     87 |      0 |    126 |   1 |  217.0 |
          Lair |   8360 |   7452 |    908 |   2097 |   3714 |   6 | 1393.3 |
         Swamp |   4196 |   3994 |    202 |    772 |   2147 |   4 | 1049.0 |
     Snake Pit |   5573 |   5343 |    230 |    498 |   3549 |   4 | 1393.2 |
  Orcish Mines |   2406 |   2322 |     84 |   1170 |    614 |   2 | 1203.0 |
        Bazaar |    192 |    192 |      0 |      0 |    138 |   1 |  192.0 |
        Bailey |    505 |    505 |      0 |     59 |     92 |   1 |  505.0 |
      Ice Cave |    977 |    977 |      0 |    560 |    100 |   1 |  977.0 |
      Gauntlet |    628 |    628 |      0 |     17 |    348 |   1 |  628.0 |
               +--------+--------+--------+--------+--------+-----+--------+

Top non-repeatable levels by time:
     D:6: 2181 daAuts
  Lair:6: 2078 daAuts
  Lair:3: 1946 daAuts
  Lair:4: 1718 daAuts
     D:8: 1682 daAuts
 Swamp:4: 1551 daAuts
 Snake:3: 1489 daAuts
     D:2: 1467 daAuts
    D:14: 1463 daAuts
 Snake:2: 1458 daAuts
 Snake:4: 1447 daAuts
   Orc:2: 1358 daAuts
 Snake:1: 1177 daAuts
    D:12: 1168 daAuts
 Swamp:3: 1157 daAuts
